Cogmind - Beta 13 @@@ ROGUE MODE // 2024.07.07 @ 20:42:23 Player: ThatBishHoly Result: Destroyed by G-34 Mercenary with Small Laser Performance ------------- Evolutions (1) 500 Regions Visited (2) 400 Robots Destroyed (36) 180 Value Destroyed (1009) 1009 Prototype IDs (2) 40 Alien Tech Used (0) 0 Bonus (0) 0 TOTAL SCORE: 2129 Bonus ------- None Cogmind --------- Core Integrity 0/400 Matter 265/300 Energy 265/265 System Corruption 0% Temperature Cool (28) Movement Core (450) Ox8 Location -9/Materials Parts ------- > --- POWER (1) -------- Reinforced Ion Engine > --- PROPULSION (3) --- (None) > --- UTILITY (3) ------ Medium Storage Unit Signal Interpreter Utility Shielding > --- WEAPON (2) ------- Improved Assault Rifle Improved Assault Rifle > --- INVENTORY (10) --- Reinforced Ion Engine Aluminum Leg High-capacity Battery (250) Transport Network Coupler Medium Laser Assault Rifle Improved Light Cannon Grenade Launcher Mining Laser Hammer Peak State ------------ > --- POWER ------------ Reinforced Ion Engine > --- PROPULSION ------- Aluminum Leg Aluminum Leg > --- UTILITY ---------- Medium Storage Unit Signal Interpreter Utility Shielding > --- WEAPON ----------- Improved Assault Rifle Improved Assault Rifle > --- INVENTORY -------- Reinforced Ion Engine Aluminum Leg High-capacity Battery Transport Network Coupler Medium Laser Assault Rifle Improved Light Cannon Grenade Launcher Mining Laser Hammer [Rating: 14] Favorites ----------- Power Ion Engine Engine Ion Engine Propulsion Light Treads Treads Light Treads Leg Aluminum Leg Utility Signal Interpreter Storage Small Storage Unit Processor Signal Interpreter Protection Utility Shielding Weapon Assault Rifle Energy Gun Medium Laser Ballistic Gun Assault Rifle Ballistic Cannon Improved Light Cannon Build | -11 -10 -9 ------- Run | Yrd Mat Mat Slots Evolved 2 | . . 2 Power . | . . . Propulsion 1 | . . 1 Utility 1 | . . 1 Weapon . | . . . Parts Attached 37 | 6 2 29 Power 5 | 1 . 4 Engine 5 | 1 . 4 Core . | . . . Reactor . | . . . Propulsion 14 | 2 . 12 Treads 3 | 2 . 1 Leg 11 | . . 11 Wheel . | . . . Hover . | . . . Flight . | . . . Utility 6 | 1 1 4 Device . | . . . Storage 2 | 1 . 1 Processor 1 | . 1 . Hackware . | . . . Protection 3 | . . 3 Artifact . | . . . Weapon 12 | 2 1 9 Energy Gun 1 | 1 . . Energy Cannon . | . . . Ballistic Gun 9 | 1 1 7 Ballistic Cannon 2 | . . 2 Launcher . | . . . Special Weapon . | . . . Impact Weapon . | . . . Slashing Weapon . | . . . Piercing Weapon . | . . . Special Melee Weapon . | . . . Unidentified Prototypes 2 | . . 2 Parts Lost 13 | . . 13 Power 2 | . . 2 Propulsion 7 | . . 7 Utility 1 | . . 1 Weapon 3 | . . 3 Highest Loss Streak 6 | . . 6 To Critical Strikes . | . . . Average Slot Usage (%) 92 | . 99 87 Engine 11 | . 14 10 Treads 13 | . 28 4 Leg 11 | . . 18 Storage 12 | . 14 11 Processor 11 | . 13 11 Protection 6 | . . 10 Ballistic Gun 19 | . 27 14 Ballistic Cannon 4 | . . 6 Naked Turns . | . . . Heaviest Build 29 | 14 14 29 Greatest Support 40 | 40 40 40 Greatest Overweight (x) 5 | . . 5 Average Overweight (x) . | . . . Largest Inventory Capacity 10 | 8 8 10 Average Capacity 8 | 6 8 9 Most Carried 10 | 4 8 10 Average Carried 7 | . 5 8 Final Capacity 10 | 8 8 10 Final Carried 10 | . 8 10 Class Distribution -------------------- 68% | Mutant 31% | Scavenger-Mutant Dominant Class ---------------- Mutant | -10/Materials Scavenger-Mutant | -9/Materials Resources | -11 -10 -9 ----------- Run | Yrd Mat Mat Matter Collected 1136 | 151 189 796 Remotely . | . . . Salvage Created 1234 | . 234 1000 Parts 70 | . 12 58 Haulers Intercepted 3 | . 1 2 Recyclers Shooed 3 | . . 3 Parts Field Recycled . | . . . Retrieved Matter . | . . . Parts Self-Destructed . | . . . Prevented . | . . . Kills | -11 -10 -9 ------- Run | Yrd Mat Mat Combat Hostiles Destroyed 31 | . 7 24 Guns 24 | . 7 17 Cannons 7 | . . 7 Classes Destroyed 7 | . 3 4 Builder 1 | . . 1 Hauler 3 | . 1 2 Watcher 1 | . . 1 Swarmer 6 | . 3 3 Grunt 18 | . 4 14 Brawler 2 | . . 2 Sentry 5 | . . 5 Best Kill Streak 5 | . 4 5 Combat Bots Only 4 | . 3 4 Max Kills in Single Turn 1 | . 1 1 Gunslinging . | . . . Exploded . | . . . Melee . | . . . Uniques/NPCs Destroyed . | . . . Combat | -11 -10 -9 -------- Run | Yrd Mat Mat Hostile Shots Fired 316 | . 39 277 Missed 98 | . 7 91 Damage Taken 2667 | . 378 2289 Core 457 | . 46 411 Absorbed by Shields . | . . . Redirected to Shielding 45 | . . 45 Regen/Repaired (Parts) 44 | . . 44 Core Remaining (%) 90 | 100 81 . Volleys Fired 110 | . 22 88 Largest 2 | . 2 2 Hottest 78 | . 40 78 Shots Fired 211 | . 44 167 Gun 171 | . 44 127 Cannon 40 | . . 40 Launcher . | . . . Special . | . . . Kinetic 211 | . 44 167 Thermal . | . . . Explosive . | . . . Electromagnetic . | . . . Robot Hit Streak 13 | . 12 13 Robot Miss Streak 7 | . 2 7 Penetration Max . | . . . Secondary Targets 6 | . 3 3 Max Gunslinging Chain 1 | . 1 1 Shots Hit Robots 134 | . 28 106 Core Hits 52 | . 11 41 Critical Kills 1 | . . 1 Critical Parts Destroyed . | . . . Critical Strikes 2 | . . 2 Destroy 1 | . . 1 Blast 1 | . . 1 Melee Attacks . | . . . Impact . | . . . Slashing . | . . . Piercing . | . . . Sneak Attacks . | . . . Combat Hostiles . | . . . Follow-up Attacks . | . . . Damage Inflicted 2142 | . 375 1767 Guns 1525 | . 373 1152 Cannons 602 | . . 602 Explosions . | . . . Melee . | . . . Ramming 15 | . 2 13 Kinetic 2127 | . 373 1754 Thermal . | . . . Explosive . | . . . Electromagnetic . | . . . Impact . | . . . Slashing . | . . . Piercing . | . . . Highest Corruption . | . . . Average Corruption . | . . . Corruption Purged . | . . . Corruption Blocked . | . . . Overload Shots . | . . . Overflow Damage 13 | . . 13 Projectiles 13 | . . 13 Explosions . | . . . Melee . | . . . Knockbacks 4 | . . 4 Impact . | . . . Kinetic 3 | . . 3 Secondary 1 | . . 1 Self-Inflicted Damage . | . . . Shots . | . . . Rammed 1 | . 1 . Targets Rammed 2 | . 1 1 Kicked 1 | . . 1 Crushed . | . . . Highest Temperature 113 | . 5 113 Average Temperature 35 | . 5 35 Received Heat Transfer 1038 | . 144 894 Siege Activations . | . . . Robots Corrupted . | . . . Combat Hostiles . | . . . Parts Fried . | . . . Impact Corruptions . | . . . Robots Melted . | . . . Combat Hostiles . | . . . Parts Melted . | . . . Heat Transferred . | . . . Parts Sabotaged . | . . . Parts Stolen . | . . . Parts Stripped . | . . . Power Chain Reactions . | . . . Alert | -11 -10 -9 ------- Run | Yrd Mat Mat Peak Influence 391 | . 135 391 Initial 32 | . . 32 Average 135 | . 49 197 Maximum Alert Level 1 | . . 1 Low Security (%) 74 | 100 100 56 Level 1 25 | . . 43 Level 2 . | . . . Level 3 . | . . . Level 4 . | . . . Level 5 . | . . . High Security . | . . . Max Security . | . . . Squads Dispatched 8 | . 4 4 Investigation 1 | . . 1 Extermination . | . . . Reinforcement 7 | . 4 3 Assault . | . . . Garrison . | . . . Intercept . | . . . Searches Triggered . | . . . Construction Impeded . | . . . Haulers Reinforced . | . . . Active Scanning Responses . | . . . Cargo Convoy Interrupts . | . . . Stealth | -11 -10 -9 --------- Run | Yrd Mat Mat Distress Signals 7 | . 1 6 Communications Jammed . | . . . Distress Signals . | . . . Times Spotted 56 | . 13 43 Peak Tracking Total 8 | . 4 8 Tactical Retreats 3 | . . 3 Traps | -11 -10 -9 ------- Run | Yrd Mat Mat Traps Triggered 2 | . 2 . Indirectly . | . . . Trap Hack Attempts . | . . . Triggered . | . . . Disarmed . | . . . Reprogrammed . | . . . Reused . | . . . Traps Extracted . | . . . Installed . | . . . Triggered . | . . . Machines | -11 -10 -9 ---------- Run | Yrd Mat Mat Machines Disabled . | . . . Max in Single Turn . | . . . Machines Repaired . | . . . Machines Dismantled . | . . . Machines Sabotaged . | . . . Overloaded Fab Kills . | . . . Hacking | -11 -10 -9 --------- Run | Yrd Mat Mat Machines Accessed 5 | . 2 3 Terminals 2 | . 1 1 Fabricators . | . . . Repair Stations 2 | . . 2 Recycling Units 1 | . 1 . Scanalyzers . | . . . Garrison Access . | . . . Total Hacks 13 | . 4 9 Successful 8 | . 3 5 Failed 5 | . 1 4 Catastrophic . | . . . Database Lockouts . | . . . Manual 2 | . 2 . Terminals 3 | . 1 2 Fabricators . | . . . Repair Stations 7 | . . 7 Recycling Units 3 | . 3 . Scanalyzers . | . . . Garrison Access . | . . . Terminal Hacks 1 | . 1 . Zone Layout 1 | . 1 . Fabricator Hacks . | . . . Repair Station Hacks 5 | . . 5 Scan Component 4 | . . 4 Repair 1 | . . 1 Recycling Unit Hacks 1 | . 1 . Report Inventory 1 | . 1 . Scanalyzer . | . . . Garrison Access Hacks . | . . . Unauthorized Hacks 1 | . 1 . Terminals . | . . . Fabricators . | . . . Repair Stations . | . . . Recycling Units 1 | . 1 . Reject 1 | . 1 . Scanalyzers . | . . . Garrison Access . | . . . Data Cores Recovered . | . . . Used . | . . . Hacking Detections 4 | . 1 3 Full Trace Events 2 | . . 2 Feedback Events . | . . . Feedback Blocked . | . . . Robot Schematics Acquired . | . . . Robots Built . | . . . Authchips . | . . . Time . | . . . Total Robot Build Rating . | . . . Part Schematics Acquired . | . . . Parts Built . | . . . Authchips . | . . . Time . | . . . Total Part Build Rating . | . . . Parts Repaired 1 | . . 1 Time 13 | . . 13 Parts Recycled . | . . . Recycled Matter . | . . . Retrieved Matter . | . . . Retrieved Components . | . . . Parts Scanalyzed . | . . . Part Schematics Acquired . | . . . Parts Damaged . | . . . Bothacking | -11 -10 -9 ------------ Run | Yrd Mat Mat Used RIF Installer . | . . . Robots Hacked . | . . . Non-combat . | . . . Combat . | . . . Robot Hacks Applied . | . . . Relay Couplers Released . | . . . Fabnet Peak Effective % . | . . . Robots Rewired . | . . . Allies Hacked . | . . . Hacks Repelled . | . . . Allies | -11 -10 -9 -------- Run | Yrd Mat Mat Total Allies . | . . . Largest Group . | . . . Highest-Rated Group . | . . . Highest-Rated Ally . | . . . Total Orders . | . . . Ally Attacks . | . . . Total Damage . | . . . Kills . | . . . Allies Corrupted . | . . . Allies Melted . | . . . Intel | -11 -10 -9 ------- Run | Yrd Mat Mat Robot Analysis Total . | . . . Derelict Logs Recovered . | . . . Drone Launches . | . . . Drone Recoveries . | . . . Exploration | -11 -10 -9 ------------- Run | Yrd Mat Mat Turns Passed 1638 | 60 604 974 Spaces Moved 760 | 36 327 397 Core 19 | 8 . 11 Treads 497 | 28 327 142 Legs 244 | . . 244 Wheels . | . . . Hover . | . . . Flight . | . . . Fastest Speed 50 | 50 160 120 Average Speed 157 | 135 160 157 Slowest Speed 300 | 160 160 300 Overloaded Moves . | . . . Propulsion Burnouts . | . . . Robots Hopped . | . . . Cave-ins Triggered . | . . . Exploration Rate (%) 30 | 3 54 33 Regions Visited 2 Branch Regions . Pre-discovered Areas . | . . . Known Exits Taken 1 | . 1 . Unknown Exits Taken 1 | 1 . . Scrap Searched . | . . . Spaces Dug . | . . . Terrain Destroyed 1 | . . 1 Melee . | . . . Projectile 1 | . . 1 AOE . | . . . Terrain Rammed . | . . . Walls Destroyed . | . . . Machines Disabled . | . . . Actions | -11 -10 -9 --------- Run | Yrd Mat Mat Total 985 | 47 363 575 Wait 25 | . 3 22 Move 758 | 35 326 397 Hop . | . . . Pick Up 39 | 6 9 24 Fast Attach 5 | . . 5 Attach 18 | 6 1 11 Detach . | . . . Swap 14 | . 1 13 Drop 14 | . . 14 Fire 110 | . 22 88 Melee . | . . . Ram . | . . . Kick 1 | . . 1 Crush 1 | . 1 . Escape Stasis . | . . . Rewire . | . . . Trap . | . . . Miscellaneous . | . . . Route ------- -11/Scrapyard -10/Materials -9/Materials (discovered 1 exit: [*Mat]) History --------- Turn | Location | Event 7 | -11/Scrapyard | Discovered new exit (range 16) 61 | -11/Scrapyard | Entered Materials 318 | -10/Materials | Build established: Mutant 477 | -10/Materials | Discovered new exit (range 13) 587 | -10/Materials | Identified exit to Materials 665 | -10/Materials | Entered another Materials area 665 | -9/Materials | Evolved 2 slots: Propulsion x1, Utility x1 819 | -9/Materials | Lost 6 parts (1p2n1u2w) 1223 | -9/Materials | Core integrity fell below 50% 1447 | -9/Materials | Repaired Aluminum Leg 1571 | -9/Materials | Build established: Scavenger-Mutant 1587 | -9/Materials | Core integrity fell below 20% 1609 | -9/Materials | Discovered new exit (range 13) 1639 | -9/Materials | Destroyed by G-34 Mercenary with Small Laser Last Messages --------------- 01621_ A-02 Transporter destroyed. 01622_ R-06 Scavenger collects Med. Matter Pod. 01625_ K-01 Serf collects debris. 01626_ R-06 Scavenger collects Lgt. Ion Engine. 01626_ K-01 Serf collects debris. 01628_ Acquired Aluminum Leg. 01629_ Dropped Imp. Light Cannon. 01630_ R-06 Scavenger collects Sml. Laser. 01630_ K-01 Serf collects debris. 01631_ Aluminum Leg destroyed. 01631_ Acquired Prototype Ballistic Gun. 01631_ Identified Imp. Assault Rifle. 01633_ Dropped Hvy. Assault Rifle. 01633_ K-01 Serf collects debris. 01635_ Acquired Imp. Assault Rifle. 01637_ Aluminum Leg destroyed. 01637_ R-06 Scavenger collects Imp. Assault Rifle. 01637_ K-01 Serf collects debris. 01638_ Aluminum Leg destroyed. Map ----- +----------------------------------------------------+ | | | | | | | ??????????????????????????????????????????? | | ??????????????????????????????????????????? | | ??????????????????????????????????????????? | | ??????????????????????????????????????????? | | ??????????????????????????????????????????? | | ??????????????????????????????????????????? | | ??????????????????????????????????????????? | | ??????????????????????????????????????????? | | ??????????????????????????????????????????? | | ??????????????????????????????????????????? | | ??????????????????????????????????????????? | | ??????????????????????????????????????????? | | ???????????????????????????#####??????????? | | ?????????????#######+###### #??????????? | | ?????????????? < #??????????? | | ??????????????? #??????????? | | ????????????????? T #??????????? | | ??????????????????# #??????????? | | ??????????????????# #??????????? | | ??????????????????# k[%% #??????????? | | ??????????????????# *g[]!/ #??????????? | | ??????????????????# """%][ #??????????? | | ??????????????????+ """[@ #??????????? | | ??????????????????# """g! #??????????? | | ??????????????????# ^r #??????????? | | ??????????????????# g ####??????????? | | ??????????????????# k""" #?????????????? | | ??????????????????# """ #?????????????? | | ??????????????????#% """Y #?????????????? | | ??????????????????#a #?????????????? | | ?????????????????## #?????????????? | | ???????????####### #?????????????? | | ????? * #?????????????? | | ???????????####### #?????????????? | | ?????????????????# #?????????????? | | ?????????????????# ]] Y #?????????????? | | ?????????????????# #????????? #??? | | ?????????????????# #??????? #??? | | ?????????????????# #????? #??? | | ?????????????????# ]] ##?? #??? | | ????????????????## ] # ???? | | ??????????????? + + """ ""?????? | | ????????????" ### % # """ ""?????? | | ???????????" ???## ####### #?""" "??????? | | ??????????? ??????# #?????# #?? ? ??????? | | ???????????#???????# #?????# #????????????? | | ???????????????????# #?????# #????????????? | +----------------------------------------------------+ Best States ------------- Heat Dissipation 28 Energy Generation 14 Energy Capacity 280 Matter Stores 300 Matter Capacity 300 Sight Range 16 Terrain Scan Density 10 Armor Coverage 150 Utility Shielding 33 Evasion (%) 55 Recoil Reduction 2 Item Schematics ----------------- None Robot Schematics ------------------ None Fabricated ------------ Nothing Alien Tech Used ----------------- None Achievements -------------- None Challenges ------------ None Game ------ Seed CoolingBeamRifle Manual? 0 Play Time 00:19:38 Cumulative 26.4 hours Start 2024.07.07 @ 20:25:03 End 2024.07.07 @ 20:42:23 Sessions 1 Manual Loads 0 Difficulty Rogue Special Mode None Game No. 81 Rogue 81 Adventurer 0 Explorer 0 Win Type - Total 0 Types 0/0/0/0/0/0/0/0/0 Lore% 17 Gallery% 32 Achievement% 23 Wizard Run 0 Options --------- Layout 1 ASCII 0 Keyboard 0 Movement Arrows Keybinds 0 Fullscreen 1 Font 16/SmallcapsGlow Map View 25x20 Zoom Use 100% Tactical HUD 1 Map Filters NONE Filters NONE Steam SD RUN: 694390a3-0ec7-422c-a9b9-70c2c86170e5